 Dungeon Crawl Stone Soup version 0.27.1-1-g398f81649c (webtiles) character file.

Game seed: 1299680340963302419

89 Metae the Skirmisher (level 4, -2/29 HPs)
             Began as a Gargoyle Fighter on Sept 13, 2021.
             Slain by a wight (3 damage)
             ... on level 2 of the Dungeon.
             The game lasted 00:05:40 (2305 turns).

Metae the Skirmisher (Gargoyle Fighter)             Turns: 2305, Time: 00:05:41

Health: -2/29      AC: 10    Str: 20    XL:     4   Next: 55%
Magic:  4/4        EV:  7    Int:  9    God:
Gold:   96         SH:  9    Dex:  9    Spells: 3/3 levels left

rFire    . . .     SeeInvis .   u - +2 flail (vorpal)
rCold    . . .     Faith    .   c - +0 kite shield
rNeg     + . .     Spirit   .   b - +0 scale mail
rPois    ∞         Reflect  .   (no helmet)
rElec    +         Harm     .   (no cloak)
rCorr    .         Rampage  .   (no gloves)
Will     .....                  (no boots)
Stlth    ..........             (no amulet)
HPRegen  0.09/turn              (no ring)
MPRegen  0.09/turn              (no ring)

@: mighty
A: sickness immunity, AC +3, negative energy resistance 1, electricity
resistance, torment resistance 1, petrification resistance
a: no special abilities


You were on level 2 of the Dungeon.
You visited 1 branch of the dungeon, and saw 3 of its levels.

You collected 96 gold pieces.

Inventory:

Hand Weapons
 h - a +0 hunting sling
 u - a +2 vorpal flail (weapon)
Missiles
 i - 2 throwing nets (quivered)
 j - 23 sling bullets
 n - 39 stones
Armour
 b - a +0 scale mail (worn)
 c - a +0 kite shield (worn)
Scrolls
 f - a scroll of blinking {unknown}
 k - a scroll of enchant weapon {unknown}
 l - a scroll of teleportation {unknown}
 m - a scroll of silence {unknown}
 o - a scroll of immolation {unknown}
 q - 2 scrolls of enchant armour {unknown}
Potions
 e - a potion of degeneration {unknown}
 g - a potion of curing {unknown}
 p - 2 potions of invisibility {unknown}
 r - a potion of cancellation {unknown}
 s - a potion of heal wounds {unknown}


   Skills:
 + Level 4.0 Fighting
 + Level 2.8 Maces & Flails
 + Level 4.0 Armour
 + Level 4.0 Shields


You had 3 spell levels left.
You didn't know any spells.
Your spell library was empty.

Dungeon Overview and Level Annotations

Branches:
Dungeon (3/15)

Altars:
Cheibriados

Shops:
D:1 (


Innate Abilities, Weirdness & Mutations

You are immune to sickness and miasma.
Your stone body is resilient. (AC +3)
You are immune to poison.
You resist negative energy. (rN+)
You are resistant to electric shocks. (rElec)
You are resistant to unholy torment.
You are immune to petrification.


Message History

The wight hits you with a +5 great sword.
A wight comes into view. It is wielding a +0 hand axe.
Found a stone staircase leading down.
The wight barely misses you. The wight hits you but does no damage.
The wight hits you but does no damage. You block the wight's attack.
You see here 15 gold pieces.
A frilled lizard comes into view.
There is a stone staircase leading up here.
The wight barely misses you.
You climb upwards.
There is a stone staircase leading down here.
You barely miss the wight. The wight barely misses you.
You block the wight's attack.
You completely miss the wight.
The wight hits you with a +0 dire flail.
You hit the wight but do no damage. The wight barely misses you.
The wight hits you with a +0 dire flail.
* * * LOW HITPOINT WARNING * * *
You completely miss the wight. The wight barely misses you.
You hit the wight but do no damage. The wight hits you but does no damage.
The wight hits you with a +0 dire flail.
* * * LOW HITPOINT WARNING * * *
You feel very mighty all of a sudden. The wight barely misses you.
You hit the wight.
The wight is moderately damaged.
You block the wight's attack.
You closely miss the wight.
The wight is moderately damaged.
You block the wight's attack. x2
You barely miss the wight.
The wight is moderately damaged.
You block the wight's attack.
You hit the wight.
The wight is heavily damaged.
The wight hits you with a +0 dire flail.
* * * LOW HITPOINT WARNING * * *
The wight hits you with a +0 dire flail.
You die...

.##### #....#................ ##
#....#<.###.....##...# #
#....#..........##...#
############.........########...#
.†..........>........# #####....
################.....# #........
#.....# ##....##.. ##.z...#
#......... #.@....###.....###.
#.######P##....# #.
#.#####..P########.
#.##P#P...##.....#.
#.#P.#.PP[♣#####.#. #.#.#..≈≈._#
#.#. #.#.##.P≈.♣# #.#.
#.P.P#P(..# #.#. #..####..P# #.#.


You could see a wight.

Vanquished Creatures
  Natasha (D:2)
  An adder (D:2)
  A gnoll (D:1)
  3 worms (D:2)
  A dart slug (D:2)
  An orc (D:3)
  6 ball pythons
  2 bats (D:1)
  4 endoplasms (D:1)
  4 giant cockroaches
  3 goblins
  2 hobgoblins (D:1)
  A quokka (D:2)
  2 frilled lizards
  A rat (D:2)
33 creatures vanquished.

Vanquished Creatures (others)
  2 plants (D:1)
2 creatures vanquished.

Grand Total: 35 creatures vanquished

Notes
Turn   | Place    | Note
-------+----------+-------------------------------------------
     0 | D:1      | Metae the Gargoyle Fighter began the quest for the Orb.
     0 | D:1      | Reached XP level 1. HP: 14/14 MP: 1/1
   384 | D:1      | Reached XP level 2. HP: 19/19 MP: 2/2
   566 | D:1      | Found Faet's Antique Weapon Shoppe.
   656 | D:1      | Reached XP level 3. HP: 21/23 MP: 3/3
  1306 | D:2      | Found a snail-covered altar of Cheibriados.
  1917 | D:2      | Reached XP level 4. HP: 26/29 MP: 4/4
  2042 | D:2      | Found a faded altar of an unknown god.
  2089 | D:2      | Noticed Natasha
  2110 | D:2      | Killed Natasha
  2305 | D:2      | HP: 1/29 [wight (4)]
  2305 | D:2      | Slain by a wight

Illustrated notes

Levels and vault maps discovered:
D:1:      kennysheep_arrival_seaside, layout_loops_ring, serial_shops, shop,
          minmay_distorted
D:2:      layout_basic, basic_altar,
          dreamdust_ecumenical_altar_hidden_monk_grotto, uniq_natasha
D:3:      layout_basic, uniq_ijyb, uniq_robin

Skill      XL: |  1  2  3  4 |
---------------+-------------+-----
Fighting       | 4 |  4.0
Armour         | 4 |  4.0
Shields        | 4 |  4.0
Maces & Flails | |  2.8

Action                   |  1- 3 |  4- 6 || total
-------------------------+-------+-------++-------
Melee: Flail             |   112 |    27 ||   139
  Use: Potion            |       |     1 ||     1
Armor: Scale mail        |    45 |     9 ||    54
Dodge: Dodged            |    33 |    14 ||    47
Block: Kite shield       |    50 |    10 ||    60
